Thunder vs Monarchs
Created - December 20, 2017 at 23:09
Goals
|
| Thunder |
2 |
0 |
2 |
4 |
| Monarchs |
2 |
3 |
1 |
6 |
|
Shots
|
| Thunder |
10 |
6 |
8 |
24 |
| Monarchs |
12 |
13 |
7 |
32 |
|
1st period
1. Monarchs , Riley Cote 17 (Jordie Benn 5, Hampus Lindholm 26) at 7:25
2. Monarchs , Tyler Toffoli 13 (Roman Josi 5) at 8:34
3. Thunder , Pierre-Alexandre Parenteau 16 (Dany Roussin 17, Daultan Leveillé 16) at 17:43
4. Thunder , Pierre-Alexandre Parenteau 17 (Dany Roussin 18) at 18:08 (PP)
Penalties :
Jordie Benn (MAN) for Cross-checking (Minor) at 17:53
2nd period
5. Monarchs , Riley Cote 18 (Roman Josi 6, Jordie Benn 6) at 0:56
6. Monarchs , Roman Josi 2 (Riley Cote 11, Jordie Benn 7) at 4:58
7. Monarchs , Tom Pyatt 9 (Teuvo Teravainen 6, Jordie Benn 8) at 13:38
Penalties :
Dany Roussin (TRO) for Hooking (Minor) at 5:31, Connor Brown (MAN) for Hooking (Minor) at 8:51, Dougie Hamilton (TRO) for Hooking (Minor) at 18:19
3rd period
8. Monarchs , Teuvo Teravainen 4 (Tom Pyatt 15, Tomas Kubalik 10) at 14:50
9. Thunder , Dany Roussin 11 (Pierre-Alexandre Parenteau 21, Brett Festerling 13) at 15:45
10. Thunder , Pierre-Alexandre Parenteau 18 (Daultan Leveillé 17) at 16:01
Penalties :
Thomas Spelling (TRO) for Holding (Minor) at 2:08, Austin Wuthrich (TRO) for Holding (Minor) at 6:12, Dougie Hamilton (TRO) for Charging (Minor) at 16:06, Thomas Spelling (TRO) for Hooking (Minor) at 19:58
Goalie Stats
Devan Dubnyk (TRO), 14 saves from 18 shots - (0.778), 24:58 minutes
Niklas Treutle (TRO), 12 saves from 14 shots - (0.857), L, 0-5-0, 35:02 minutes
Malcolm Subban (MAN), 20 saves from 24 shots - (0.833), W, 3-4-1, 60:00 minutes
Players Stats for Thunder
Player Name G A P +/- PIM S H SB GA TA FO MP PP MP PK MP
------------------------------------------------------------------------------------
Austin Wuthrich 0 0 0 0 2 2 1 0 0 0 0/0 7:06 0:00 0:00
Brandon Saad 0 0 0 -3 0 0 0 0 0 1 1/1 12:15 0:00 0:14
Brett Festerling 0 1 1 -1 0 1 1 1 0 1 0/0 24:54 0:50 4:45
Dalton Smith 0 0 0 0 0 0 0 0 0 0 0/0 1:08 0:01 0:00
Dany Roussin 1 2 3 2 2 5 2 1 0 1 2/7 21:32 1:18 4:11
Daultan Leveillé 0 2 2 2 0 3 3 0 1 0 16/30 18:20 1:18 2:09
David Fischer 0 0 0 -1 0 1 2 4 0 2 0/0 29:49 1:24 5:39
David Wolf 0 0 0 0 0 0 1 0 0 0 0/0 6:44 0:00 0:00
Dougie Hamilton 0 0 0 0 4 4 0 3 1 2 0/0 24:56 1:24 3:30
Gianluca Curcuruto 0 0 0 -1 0 0 1 0 0 0 0/0 14:38 0:00 1:17
Jared Staal 0 0 0 -3 0 1 2 0 0 0 0/0 12:01 0:00 0:00
Joe Labate 0 0 0 0 0 0 0 1 0 0 1/4 6:44 0:00 0:00
Mike Hoffman 0 0 0 -2 0 1 4 0 0 0 1/1 18:22 0:56 4:07
Mikko Vainonen 0 0 0 -1 0 0 1 1 0 2 0/0 22:17 0:50 4:41
Nikolay Prokhorkin 0 0 0 0 0 0 0 0 0 0 0/0 0:19 0:00 0:00
Philip Varone 0 0 0 -4 0 1 3 0 0 0 1/5 15:02 0:00 1:21
Pierre-Alexandre Parente 3 1 4 2 0 5 4 2 0 0 0/0 22:11 1:18 5:26
Ryan Nugent-Hopkins 0 0 0 -3 0 0 2 1 0 1 5/10 15:15 0:56 0:13
Thomas Spelling 0 0 0 -2 4 0 2 0 0 1 0/0 13:55 0:55 0:00
Zach Stepan 0 0 0 0 0 0 0 0 0 0 1/3 2:30 0:00 2:11
Players Stats for Monarchs
Player Name G A P +/- PIM S H SB GA TA FO MP PP MP PK MP
------------------------------------------------------------------------------------
Bryan Rust 0 0 0 0 0 0 0 0 0 1 0/0 7:58 0:26 1:02
Chris Tierney 0 0 0 3 0 0 3 0 0 0 2/6 17:55 4:12 0:44
Connor Brown 0 0 0 1 2 4 1 0 0 0 2/2 19:53 5:09 0:00
Eric Wellwood 0 0 0 1 0 3 2 0 1 0 1/2 18:48 4:17 0:47
Hampus Lindholm 0 1 1 1 0 2 0 0 1 0 0/0 6:35 0:00 0:00
Jordie Benn 0 4 4 5 2 5 3 1 0 0 0/0 23:13 0:31 1:01
Matt Tennyson 0 0 0 -2 0 1 6 3 0 0 0/0 25:17 6:06 1:16
Morgan Rielly 0 0 0 -3 0 0 4 3 1 0 0/0 24:32 6:06 0:58
Riley Cote 2 1 3 3 0 6 3 0 1 0 2/4 14:04 0:30 1:12
Roman Josi 1 2 3 5 0 2 0 4 0 0 0/0 25:18 3:43 0:15
Ryan White 0 0 0 0 0 1 2 0 1 0 2/2 6:07 0:00 0:00
T.J Brodie 0 0 0 0 0 0 0 0 0 0 0/0 13:28 3:26 0:58
Teuvo Teravainen 1 1 2 -1 0 2 0 0 1 0 1/3 20:52 4:53 0:15
Tobias Rieder 0 0 0 3 0 2 0 0 1 0 0/0 17:05 4:17 0:00
Tom Pyatt 1 1 2 -1 0 2 1 0 2 1 8/20 15:09 0:00 0:28
Tomas Kubalik 0 1 1 -1 0 0 1 0 1 0 0/1 15:51 0:55 0:00
Tyler McNeely 0 0 0 0 0 0 2 0 1 0 0/0 6:12 0:00 0:00
Tyler Toffoli 1 0 1 1 0 2 2 0 0 0 15/21 19:27 5:09 0:00
3 Stars
1 - Pierre-Alexandre Parenteau (TRO)
2 - Riley Cote (MAN)
3 - Roman Josi (MAN)
Power Play
Thunder - 1 on 2 Attempt(s) - 50.00%
Monarchs - 0 on 6 Attempt(s) - 0.00%
Penalty Kill
Thunder - 6 on 6 Attempt(s) - 100.00%
- Score 0 goal in Penalty Kill
Monarchs - 1 on 2 Attempt(s) - 50.00%
- Score 0 goal in Penalty Kill
Team Stat
Thunder - Hits : 29 - Faceoff Wins : 28 - Blocked Shots : 14 - Penalty Minutes : 12
Monarchs - Hits : 30 - Faceoff Wins : 33 - Blocked Shots : 11 - Penalty Minutes : 4
Official
Referees : Rehman Kyle and Joannette Marc
Linesman : Brian Murphy and Pierre Champoux
Game Notes
Hampus Lindholm is injured at 17:39 of 1st period (Bruised Left Shoulder)
Niklas Treutle enters game at 4:58 of 2nd period
Pierre-Alexandre Parenteau has scored a Hat Trick!
Finance
Level 1 -- Attendance: 1563 (78.15%) -- Ticket Income $62,520
Level 2 -- Attendance: 736 (73.60%) -- Ticket Income $14,720
Total Attendance: 2299 (76.63%)
Total Ticket Income: $77,240
Other Income: $3,862
Total Income: $81,102
Thunder
5 vs 5 Forward
Center Left Wing Right Wing Time % Phy DF OF
1 Daultan Leveillé Dany Roussin Pierre-Alexandre Parentea40 1 2 2
2 Ryan Nugent-Hopkins Mike Hoffman Thomas Spelling 30 1 2 2
3 Philip Varone Brandon Saad Jared Staal 20 1 2 2
4 Joe Labate David Wolf Austin Wuthrich 10 1 2 2
5 vs 5 Defense
Defense Defense Time % Phy DF OF
1 David Fischer Dougie Hamilton 40 1 2 2
2 Brett Festerling Mikko Vainonen 30 1 2 2
3 Gianluca Curcuruto David Fischer 20 1 2 2
4 Dougie Hamilton Brett Festerling 10 1 2 2
PowerPlay Forward
Center Left Wing Right Wing Time % Phy DF OF
1 Daultan Leveillé Dany Roussin Pierre-Alexandre Parentea60 1 2 2
2 Ryan Nugent-Hopkins Mike Hoffman Thomas Spelling 40 1 2 2
PowerPlay Defense
Defense Defense Time % Phy DF OF
1 David Fischer Dougie Hamilton 60 1 2 2
2 Brett Festerling Mikko Vainonen 40 1 2 2
Penalty Kill 4 Players Forward
Center Wing Time % Phy DF OF
1 Dany Roussin Pierre-Alexandre Parentea60 1 2 2
2 Daultan Leveillé Mike Hoffman 40 1 2 2
Penalty Kill 4 Players Defense
Defense Defense Time % Phy DF OF
1 David Fischer Dougie Hamilton 60 1 2 2
2 Brett Festerling Mikko Vainonen 40 1 2 2
Penalty Kill - 3 Players Forward
Forward Time % Phy DF OF
1 Dany Roussin 60 1 2 2
2 Pierre-Alexandre Parentea 40 1 2 2
Penalty Kill - 3 Players Defense
Defense Defense Time % Phy DF OF
1 David Fischer Dougie Hamilton 60 1 2 2
2 Brett Festerling Mikko Vainonen 40 1 2 2
4 vs 4 Forward
Center Wing Time % Phy DF OF
1 Dany Roussin Pierre-Alexandre Parentea60 1 2 2
2 Daultan Leveillé Mike Hoffman 40 1 2 2
4 vs 4 Defense
Defense Defense Time % Phy DF OF
1 David Fischer Dougie Hamilton 60 1 2 2
2 Brett Festerling Mikko Vainonen 40 1 2 2
Last Minutes Offensive
Center Left Wing Right Wing Defense Defense
Daultan Leveillé Dany Roussin Pierre-Alexandre ParenteaDavid Fischer Dougie Hamilton
Last Minutes Defensive
Center Left Wing Right Wing Defense Defense
Daultan Leveillé Dany Roussin Pierre-Alexandre ParenteaDavid Fischer Dougie Hamilton
Goaltenders
Starting : Devan Dubnyk
Backup : Niklas Treutle
Extra Forwards
Normal : Dalton Smith, Nikolay Prokhorkin, Zach Stepan - PP : Dalton Smith, Nikolay Prokhorkin - PK : Zach Stepan
Extra Defensemen
Normal : Gianluca Curcuruto, Mikko Vainonen, David Fischer - PP : Gianluca Curcuruto - PK : Mikko Vainonen, David Fischer
Penalty Shots
Dany Roussin, Pierre-Alexandre Parenteau, Daultan Leveillé, Mike Hoffman, Ryan Nugent-Hopkins
Scratches
Adam Hall (Sprained Left Knee Injury), Ondrej Palat (Healthy), Peter Andersson (Back Injury), Connor Hellebyuk (Healthy)
Monarchs
5 vs 5 Forward
Center Left Wing Right Wing Time % Phy DF OF
1 Tyler Toffoli Eric Wellwood Connor Brown 35 1 1 3
2 Tom Pyatt Teuvo Teravainen Tomas Kubalik 35 1 1 3
3 Chris Tierney Riley Cote Tobias Rieder 25 1 2 2
4 Ryan White Tyler McNeely Bryan Rust 5 1 2 2
5 vs 5 Defense
Defense Defense Time % Phy DF OF
1 Hampus Lindholm Matt Tennyson 40 0 3 2
2 Roman Josi Jordie Benn 40 1 3 1
3 Morgan Rielly T.J Brodie 20 1 3 1
4 Hampus Lindholm Morgan Rielly 0 1 2 2
PowerPlay Forward
Center Left Wing Right Wing Time % Phy DF OF
1 Tyler Toffoli Teuvo Teravainen Connor Brown 60 0 1 4
2 Chris Tierney Eric Wellwood Tobias Rieder 40 0 1 4
PowerPlay Defense
Defense Defense Time % Phy DF OF
1 Morgan Rielly Hampus Lindholm 60 0 2 3
2 Roman Josi T.J Brodie 40 0 2 3
Penalty Kill 4 Players Forward
Center Wing Time % Phy DF OF
1 Riley Cote Bryan Rust 60 0 4 1
2 Eric Wellwood Chris Tierney 40 0 4 1
Penalty Kill 4 Players Defense
Defense Defense Time % Phy DF OF
1 Jordie Benn Matt Tennyson 60 1 4 0
2 T.J Brodie Hampus Lindholm 40 1 4 0
Penalty Kill - 3 Players Forward
Forward Time % Phy DF OF
1 Riley Cote 60 1 2 2
2 Bryan Rust 40 1 2 2
Penalty Kill - 3 Players Defense
Defense Defense Time % Phy DF OF
1 Matt Tennyson Jordie Benn 60 1 2 2
2 T.J Brodie Hampus Lindholm 40 1 2 2
4 vs 4 Forward
Center Wing Time % Phy DF OF
1 Tyler Toffoli Eric Wellwood 60 1 2 2
2 Connor Brown Tomas Kubalik 40 1 2 2
4 vs 4 Defense
Defense Defense Time % Phy DF OF
1 Hampus Lindholm Matt Tennyson 60 1 2 2
2 T.J Brodie Roman Josi 40 1 2 2
Last Minutes Offensive
Center Left Wing Right Wing Defense Defense
Tyler Toffoli Teuvo Teravainen Connor Brown Hampus Lindholm Morgan Rielly
Last Minutes Defensive
Center Left Wing Right Wing Defense Defense
Chris Tierney Riley Cote Bryan Rust Jordie Benn Matt Tennyson
Goaltenders
Starting : Malcolm Subban
Backup : Niklas Backstrom
Extra Forwards
Normal : Riley Cote, Teuvo Teravainen, Connor Brown - PP : Tomas Kubalik, Riley Cote - PK : Tom Pyatt
Extra Defensemen
Normal : Hampus Lindholm, Morgan Rielly, Matt Tennyson - PP : Matt Tennyson - PK : Morgan Rielly, Roman Josi
Penalty Shots
Teuvo Teravainen, Riley Cote, Tomas Kubalik, Tyler Toffoli, Tyler McNeely
Scratches
Christophe Lalancette (Healthy), Hampus Lindholm (Bruised Left Shoulder Injury), Melker Karlsson (Healthy), Ludwig Bystrom (Healthy), Brandon Gormley (Healthy)
Derek Forbort (Healthy), Jamie McGinn (Healthy), Igor Makarov (Healthy), Trevor Lewis (Healthy), Anthony Peluso (Healthy)
Jake Muzzin (Healthy), Alec Martinez (Sprained Left Finger Injury), Patrick Maroon (Healthy), Greg Pateryn (Healthy), Jeff Frazee (Healthy)
% Time on Ice - Thunder
Lines # - Real PCT - Wanted PCT - Time Play
Normal Forward
1 - 34% - 40% - 16:12
2 - 27% - 30% - 12:53
3 - 25% - 20% - 12:01
4 - 14% - 10% - 6:44
Normal Defense
1 - 37% - 40% - 17:41
2 - 33% - 30% - 15:34
3 - 21% - 20% - 10:16
4 - 9% - 10% - 4:19
PP Forward
1 - 58% - 60% - 1:18
2 - 42% - 40% - 0:56
PP Defense
1 - 63% - 60% - 1:24
2 - 37% - 40% - 0:50
PK Forward
1 - 78% - 60% - 7:47
2 - 22% - 40% - 2:09
PK Defense
1 - 74% - 60% - 7:21
2 - 26% - 40% - 2:35
PK3 Forward
1 - 0% - 60%
2 - 0% - 40%
PK3 Defense
1 - 0% - 60%
2 - 0% - 40%
44 Forward
1 - 0% - 60%
2 - 0% - 40%
44 Defense
1 - 0% - 60%
2 - 0% - 40%
Last Minute Offensive - 0:00
Last Minute Defensive - 0:00
Total
Forward - 60:00
Defense - 60:00
|
% Time on Ice - Monarchs
Lines # - Real PCT - Wanted PCT - Time Play
Normal Forward
1 - 32% - 35% - 15:29
2 - 31% - 35% - 14:51
3 - 24% - 25% - 11:23
4 - 13% - 5% - 6:07
Normal Defense
1 - 40% - 40% - 19:05
2 - 40% - 40% - 19:04
3 - 14% - 20% - 6:43
4 - 6% - 0% - 2:58
PP Forward
1 - 57% - 60% - 5:39
2 - 43% - 40% - 4:17
PP Defense
1 - 67% - 60% - 6:37
2 - 33% - 40% - 3:19
PK Forward
1 - 84% - 60% - 1:52
2 - 16% - 40% - 0:22
PK Defense
1 - 57% - 60% - 1:16
2 - 43% - 40% - 0:58
PK3 Forward
1 - 0% - 60%
2 - 0% - 40%
PK3 Defense
1 - 0% - 60%
2 - 0% - 40%
44 Forward
1 - 0% - 60%
2 - 0% - 40%
44 Defense
1 - 0% - 60%
2 - 0% - 40%
Last Minute Offensive - 0:00
Last Minute Defensive - 0:00
Total
Forward - 60:00
Defense - 60:00
|
Play by Play
1st period
0:01 of 1st period - Tyler Toffoli wins face-off versus Daultan Leveillé in neutral zone.
1:17 of 1st period - Wrist shot by Eric Wellwood.
1:17 of 1st period - Stopped by Devan Dubnyk without a rebound.
1:18 of 1st period - Tyler Toffoli wins face-off versus Joe Labate in Thunder zone.
1:28 of 1st period - Eric Wellwood is hit by David Wolf and loses puck.
1:40 of 1st period - Icing by T.J Brodie.
1:41 of 1st period - Daultan Leveillé wins face-off versus Tom Pyatt in Monarchs zone.
1:48 of 1st period - Dougie Hamilton is hit by Tomas Kubalik and loses puck.
1:57 of 1st period - Slapshot by Tom Pyatt.
1:57 of 1st period - Stopped by Devan Dubnyk without a rebound.
1:58 of 1st period - Ryan Nugent-Hopkins wins face-off versus Riley Cote in Thunder zone.
1:58 of 1st period - Ryan Nugent-Hopkins is hit by Riley Cote.
2:14 of 1st period - Wrist shot by Riley Cote.
2:14 of 1st period - Stopped by Devan Dubnyk with a rebound.
2:24 of 1st period - Matt Tennyson is hit by David Fischer and loses puck.
2:34 of 1st period - Snap shot by Dany Roussin.
2:34 of 1st period - Deflect By Daultan Leveillé.
2:34 of 1st period - Stopped by Malcolm Subban with a rebound.
4:28 of 1st period - Wrist shot by Eric Wellwood.
4:28 of 1st period - Stopped by Devan Dubnyk with a rebound.
4:32 of 1st period - Wrist shot by Tyler Toffoli.
4:32 of 1st period - Stopped by Devan Dubnyk with a rebound.
4:34 of 1st period - Snap shot by Connor Brown.
4:34 of 1st period - Shot Blocked by Brett Festerling.
4:36 of 1st period - Wrist shot by Eric Wellwood.
4:36 of 1st period - Shot Blocked by Joe Labate.
4:46 of 1st period - Matt Tennyson is hit by Ryan Nugent-Hopkins and loses puck.
4:53 of 1st period - Snap shot by Mike Hoffman.
4:53 of 1st period - Stopped by Malcolm Subban with a rebound.
6:03 of 1st period - Mikko Vainonen is hit by Jordie Benn and loses puck.
6:15 of 1st period - Riley Cote is hit by Dany Roussin and loses puck.
6:22 of 1st period - Daultan Leveillé is hit by Chris Tierney and loses puck.
6:29 of 1st period - Hampus Lindholm is hit by Philip Varone and loses puck.
6:40 of 1st period - Pierre-Alexandre Parenteau is hit by Chris Tierney and loses puck.
7:21 of 1st period - Slapshot by Hampus Lindholm.
7:21 of 1st period - Stopped by Devan Dubnyk with a rebound.
7:23 of 1st period - Slapshot by Jordie Benn.
7:23 of 1st period - Deflect By Pierre-Alexandre Parenteau.
7:23 of 1st period - Stopped by Devan Dubnyk with a rebound.
7:25 of 1st period - Wrist shot by Riley Cote.
7:25 of 1st period - Goal by Riley Cote - Thunder : 0 - Monarchs : 1.
7:26 of 1st period - Joe Labate wins face-off versus Tom Pyatt in neutral zone.
7:59 of 1st period - Snap shot by Eric Wellwood.
7:59 of 1st period - Shot Misses the Net.
8:01 of 1st period - Slapshot by Roman Josi.
8:01 of 1st period - Deflect By David Fischer.
8:01 of 1st period - Stopped by Devan Dubnyk without a rebound.
8:02 of 1st period - Philip Varone wins face-off versus Tom Pyatt in Thunder zone.
8:09 of 1st period - Slapshot by Brett Festerling.
8:09 of 1st period - Stopped by Malcolm Subban with a rebound.
8:34 of 1st period - Snap shot by Tyler Toffoli.
8:34 of 1st period - Goal by Tyler Toffoli - Thunder : 0 - Monarchs : 2.
8:35 of 1st period - Connor Brown wins face-off versus Ryan Nugent-Hopkins in neutral zone.
9:10 of 1st period - Wrist shot by Philip Varone.
9:10 of 1st period - Deflect By Brandon Saad.
9:10 of 1st period - Shot Misses the Net.
9:10 of 1st period - Puck is out of play.
9:11 of 1st period - Tyler Toffoli wins face-off versus Ryan Nugent-Hopkins in Monarchs zone.
9:36 of 1st period - Matt Tennyson is hit by Jared Staal and loses puck.
9:47 of 1st period - Slapshot by Dougie Hamilton.
9:47 of 1st period - Shot Misses the Net.
9:49 of 1st period - Slapshot by David Fischer.
9:49 of 1st period - Shot Blocked by Matt Tennyson.
10:21 of 1st period - Connor Brown is hit by Daultan Leveillé and loses puck.
10:30 of 1st period - Slapshot by Pierre-Alexandre Parenteau.
10:30 of 1st period - Stopped by Malcolm Subban without a rebound.
10:31 of 1st period - Ryan White wins face-off versus Ryan Nugent-Hopkins in Monarchs zone.
11:04 of 1st period - Wrist shot by Tyler Toffoli.
11:04 of 1st period - Deflect By Pierre-Alexandre Parenteau.
11:04 of 1st period - Shot Misses the Net.
11:04 of 1st period - Puck is out of play.
11:05 of 1st period - Tom Pyatt wins face-off versus Philip Varone in Thunder zone.
11:06 of 1st period - Snap shot by Tomas Kubalik.
11:06 of 1st period - Shot Misses the Net.
11:08 of 1st period - Snap shot by Tom Pyatt.
11:08 of 1st period - Deflect By Dougie Hamilton.
11:08 of 1st period - Shot Blocked by Dougie Hamilton.
11:08 of 1st period - Puck is out of play.
11:09 of 1st period - Tom Pyatt wins face-off versus Philip Varone in Thunder zone.
11:34 of 1st period - Jared Staal is hit by Ryan White and loses puck.
12:02 of 1st period - Dougie Hamilton is hit by Matt Tennyson and loses puck.
12:09 of 1st period - Matt Tennyson is hit by Ryan Nugent-Hopkins and loses puck.
12:20 of 1st period - Slapshot by Matt Tennyson.
12:20 of 1st period - Deflect By Teuvo Teravainen.
12:20 of 1st period - Shot Misses the Net.
12:20 of 1st period - Puck is out of play.
12:21 of 1st period - Daultan Leveillé wins face-off versus Tom Pyatt in Thunder zone.
12:52 of 1st period - Riley Cote is hit by Pierre-Alexandre Parenteau and loses puck.
13:39 of 1st period - Brandon Saad is hit by Ryan White and loses puck.
14:06 of 1st period - Snap shot by David Wolf.
14:06 of 1st period - Shot Misses the Net.
14:42 of 1st period - Slapshot by Jordie Benn.
14:42 of 1st period - Shot Blocked by David Fischer.
15:05 of 1st period - Chris Tierney is hit by Gianluca Curcuruto and loses puck.
15:10 of 1st period - Slapshot by Dougie Hamilton.
15:10 of 1st period - Stopped by Malcolm Subban without a rebound.
15:11 of 1st period - Tyler Toffoli wins face-off versus Joe Labate in Monarchs zone.
15:46 of 1st period - Backhand shot by Hampus Lindholm.
15:46 of 1st period - Stopped by Devan Dubnyk with a rebound.
15:48 of 1st period - Wrist shot by Tomas Kubalik.
15:48 of 1st period - Shot Blocked by Ryan Nugent-Hopkins.
16:30 of 1st period - Eric Wellwood is hit by Dany Roussin and loses puck.
17:10 of 1st period - Snap shot by Jordie Benn.
17:10 of 1st period - Stopped by Devan Dubnyk without a rebound.
17:11 of 1st period - Daultan Leveillé wins face-off versus Tom Pyatt in Thunder zone.
17:25 of 1st period - T.J Brodie is hit by Pierre-Alexandre Parenteau and loses puck.
17:38 of 1st period - Hampus Lindholm is hit by David Fischer and loses puck.
17:39 of 1st period - Hampus Lindholm from Monarchs is injured at 17:39 of 1st period (Bruised Left Shoulder).
17:40 of 1st period - Daultan Leveillé wins face-off versus Tomas Kubalik in Monarchs zone.
17:41 of 1st period - Snap shot by Dany Roussin.
17:41 of 1st period - Stopped by Malcolm Subban with a rebound.
17:43 of 1st period - Wrist shot by Pierre-Alexandre Parenteau.
17:43 of 1st period - Goal by Pierre-Alexandre Parenteau - Thunder : 1 - Monarchs : 2.
17:44 of 1st period - Daultan Leveillé wins face-off versus Tom Pyatt in neutral zone.
17:44 of 1st period - Daultan Leveillé is hit by Morgan Rielly.
17:48 of 1st period - Slapshot by David Fischer.
17:48 of 1st period - Deflect By Daultan Leveillé.
17:48 of 1st period - Shot Misses the Net.
17:48 of 1st period - Puck is out of play.
17:49 of 1st period - Daultan Leveillé wins face-off versus Tom Pyatt in Monarchs zone.
17:50 of 1st period - Wrist shot by Dany Roussin.
17:50 of 1st period - Stopped by Malcolm Subban without a rebound.
17:51 of 1st period - Tyler Toffoli wins face-off versus Daultan Leveillé in Monarchs zone.
17:53 of 1st period - Minor Penalty to Jordie Benn for Cross-checking.
17:54 of 1st period - Daultan Leveillé wins face-off versus Riley Cote in Monarchs zone.
17:54 of 1st period - Slapshot by Dougie Hamilton.
17:54 of 1st period - Deflect By Dany Roussin.
17:54 of 1st period - Shot Blocked by Matt Tennyson.
17:54 of 1st period - Puck is out of play.
17:55 of 1st period - Riley Cote wins face-off versus Daultan Leveillé in Monarchs zone.
18:04 of 1st period - Wrist shot by Dany Roussin.
18:04 of 1st period - Shot Blocked by Morgan Rielly.
18:06 of 1st period - Snap shot by Pierre-Alexandre Parenteau.
18:06 of 1st period - Shot Misses the Net.
18:08 of 1st period - Slapshot by Pierre-Alexandre Parenteau.
18:08 of 1st period - Goal by Pierre-Alexandre Parenteau - Thunder : 2 - Monarchs : 2.
18:09 of 1st period - Daultan Leveillé wins face-off versus Eric Wellwood in neutral zone.
18:34 of 1st period - Jordie Benn is hit by Mike Hoffman.
18:39 of 1st period - Off-side.
18:40 of 1st period - Ryan Nugent-Hopkins wins face-off versus Tom Pyatt in neutral zone.
18:45 of 1st period - Tom Pyatt is hit by Mike Hoffman and loses puck.
19:11 of 1st period - Snap shot by Philip Varone.
19:11 of 1st period - Shot Blocked by Jordie Benn.
19:17 of 1st period - Snap shot by Philip Varone.
19:17 of 1st period - Shot Blocked by Roman Josi.
19:19 of 1st period - Wrist shot by Brandon Saad.
19:19 of 1st period - Shot Misses the Net.
19:36 of 1st period - Backhand shot by Daultan Leveillé.
19:36 of 1st period - Stopped by Malcolm Subban without a rebound.
19:37 of 1st period - Ryan Nugent-Hopkins wins face-off versus Tom Pyatt in Monarchs zone.
Goals for this period are 2 for Thunder vs 2 for Monarchs .
Shots for this period are 10 for Thunder vs 12 for Monarchs .
2nd period
0:01 of 2nd period - Tyler Toffoli wins face-off versus Daultan Leveillé in neutral zone.
0:56 of 2nd period - Snap shot by Riley Cote.
0:56 of 2nd period - Goal by Riley Cote - Thunder : 2 - Monarchs : 3.
0:57 of 2nd period - Tyler Toffoli wins face-off versus Daultan Leveillé in neutral zone.
0:59 of 2nd period - Off-side.
1:00 of 2nd period - Tyler Toffoli wins face-off versus Daultan Leveillé in neutral zone.
2:17 of 2nd period - Slapshot by David Fischer.
2:17 of 2nd period - Stopped by Malcolm Subban with a rebound.
2:19 of 2nd period - Slapshot by Austin Wuthrich.
2:19 of 2nd period - Stopped by Malcolm Subban without a rebound.
2:20 of 2nd period - Tom Pyatt wins face-off versus Daultan Leveillé in Monarchs zone.
2:46 of 2nd period - Snap shot by Ryan Nugent-Hopkins.
2:46 of 2nd period - Shot Misses the Net.
3:08 of 2nd period - Backhand shot by Riley Cote.
3:08 of 2nd period - Deflect By Tobias Rieder.
3:08 of 2nd period - Stopped by Devan Dubnyk without a rebound.
3:09 of 2nd period - Brandon Saad wins face-off versus Chris Tierney in Thunder zone.
3:09 of 2nd period - Brandon Saad is hit by Riley Cote.
3:31 of 2nd period - Wrist shot by Brandon Saad.
3:31 of 2nd period - Shot Misses the Net.
3:33 of 2nd period - Snap shot by Jared Staal.
3:33 of 2nd period - Shot Blocked by Roman Josi.
3:35 of 2nd period - Snap shot by Philip Varone.
3:35 of 2nd period - Stopped by Malcolm Subban with a rebound.
3:56 of 2nd period - Snap shot by Riley Cote.
3:56 of 2nd period - Shot Blocked by David Fischer.
4:04 of 2nd period - Snap shot by Riley Cote.
4:04 of 2nd period - Shot Misses the Net.
4:06 of 2nd period - Snap shot by Chris Tierney.
4:06 of 2nd period - Shot Misses the Net.
4:30 of 2nd period - Wrist shot by Riley Cote.
4:30 of 2nd period - Shot Blocked by David Fischer.
4:38 of 2nd period - Slapshot by Roman Josi.
4:38 of 2nd period - Deflect By Riley Cote.
4:38 of 2nd period - Stopped by Devan Dubnyk with a rebound.
4:40 of 2nd period - Wrist shot by Jordie Benn.
4:40 of 2nd period - Stopped by Devan Dubnyk with a rebound.
4:42 of 2nd period - Snap shot by Jordie Benn.
4:42 of 2nd period - Deflect By Riley Cote.
4:42 of 2nd period - Stopped by Devan Dubnyk with a rebound.
4:58 of 2nd period - Slapshot by Roman Josi.
4:58 of 2nd period - Goal by Roman Josi - Thunder : 2 - Monarchs : 4.
4:58 of 2nd period - Niklas Treutle enters game.
4:59 of 2nd period - Daultan Leveillé wins face-off versus Tom Pyatt in neutral zone.
5:07 of 2nd period - Wrist shot by Tomas Kubalik.
5:07 of 2nd period - Shot Misses the Net.
5:09 of 2nd period - Slapshot by Morgan Rielly.
5:09 of 2nd period - Deflect By Tomas Kubalik.
5:09 of 2nd period - Shot Blocked by Pierre-Alexandre Parenteau.
5:09 of 2nd period - Puck is out of play.
5:10 of 2nd period - Tom Pyatt wins face-off versus Daultan Leveillé in Thunder zone.
5:31 of 2nd period - Minor Penalty to Dany Roussin for Hooking.
5:32 of 2nd period - Zach Stepan wins face-off versus Tyler Toffoli in Thunder zone.
6:11 of 2nd period - Slapshot by Dougie Hamilton.
6:11 of 2nd period - Stopped by Malcolm Subban with a rebound.
6:13 of 2nd period - Slapshot by Dougie Hamilton.
6:13 of 2nd period - Deflect By Mike Hoffman.
6:13 of 2nd period - Shot Misses the Net.
6:13 of 2nd period - Puck is out of play.
6:14 of 2nd period - Tyler Toffoli wins face-off versus Zach Stepan in Monarchs zone.
7:31 of 2nd period - Penalty to Dany Roussin is over, Dany Roussin is back on ice.
7:47 of 2nd period - David Fischer is hit by Tyler McNeely and loses puck.
7:52 of 2nd period - Snap shot by Ryan White.
7:52 of 2nd period - Stopped by Niklas Treutle with a rebound.
7:54 of 2nd period - Wrist shot by Tyler McNeely.
7:54 of 2nd period - Shot Misses the Net.
7:56 of 2nd period - Snap shot by Ryan White.
7:56 of 2nd period - Deflect By Dougie Hamilton.
7:56 of 2nd period - Shot Misses the Net.
7:56 of 2nd period - Puck is out of play.
7:57 of 2nd period - Ryan White wins face-off versus Joe Labate in Thunder zone.
8:30 of 2nd period - Brett Festerling is hit by Matt Tennyson and loses puck.
8:51 of 2nd period - Minor Penalty to Connor Brown for Hooking.
8:52 of 2nd period - Riley Cote wins face-off versus Daultan Leveillé in Monarchs zone.
9:19 of 2nd period - Matt Tennyson is hit by Mike Hoffman and loses puck.
10:03 of 2nd period - Tom Pyatt is hit by Pierre-Alexandre Parenteau and loses puck.
10:51 of 2nd period - Penalty to Connor Brown is over, Connor Brown is back on ice.
11:24 of 2nd period - Eric Wellwood is hit by Austin Wuthrich and loses puck.
11:29 of 2nd period - Slapshot by Dougie Hamilton.
11:29 of 2nd period - Deflect By Jordie Benn.
11:29 of 2nd period - Stopped by Malcolm Subban with a rebound.
11:31 of 2nd period - Slapshot by David Fischer.
11:31 of 2nd period - Shot Blocked by Roman Josi.
11:39 of 2nd period - Wrist shot by David Wolf.
11:39 of 2nd period - Shot Misses the Net.
11:41 of 2nd period - Wrist shot by Austin Wuthrich.
11:41 of 2nd period - Stopped by Malcolm Subban without a rebound.
11:42 of 2nd period - Tom Pyatt wins face-off versus Philip Varone in Monarchs zone.
11:53 of 2nd period - Tom Pyatt is hit by Philip Varone.
12:13 of 2nd period - Dany Roussin is hit by Tyler McNeely and loses puck.
12:31 of 2nd period - Icing by Dougie Hamilton.
12:32 of 2nd period - Mike Hoffman wins face-off versus Tyler Toffoli in Thunder zone.
12:46 of 2nd period - David Fischer is hit by Tyler Toffoli and loses puck.
13:05 of 2nd period - Tomas Kubalik is hit by Pierre-Alexandre Parenteau and loses puck.
13:26 of 2nd period - Wrist shot by David Wolf.
13:26 of 2nd period - Shot Misses the Net.
13:38 of 2nd period - Wrist shot by Tom Pyatt.
13:38 of 2nd period - Goal by Tom Pyatt - Thunder : 2 - Monarchs : 5.
13:39 of 2nd period - Tyler Toffoli wins face-off versus Daultan Leveillé in neutral zone.
13:44 of 2nd period - Brett Festerling is hit by Matt Tennyson and loses puck.
14:05 of 2nd period - Tobias Rieder is hit by Thomas Spelling and loses puck.
14:14 of 2nd period - Slapshot by Dougie Hamilton.
14:14 of 2nd period - Shot Blocked by Morgan Rielly.
14:16 of 2nd period - Slapshot by David Fischer.
14:16 of 2nd period - Shot Blocked by Matt Tennyson.
14:35 of 2nd period - Off-side.
14:36 of 2nd period - Daultan Leveillé wins face-off versus Tyler Toffoli in neutral zone.
14:38 of 2nd period - Brett Festerling is hit by Jordie Benn and loses puck.
14:49 of 2nd period - Snap shot by Tyler Toffoli.
14:49 of 2nd period - Deflect By Connor Brown.
14:49 of 2nd period - Stopped by Niklas Treutle without a rebound.
14:50 of 2nd period - Tom Pyatt wins face-off versus Ryan Nugent-Hopkins in Thunder zone.
14:57 of 2nd period - Wrist shot by Teuvo Teravainen.
14:57 of 2nd period - Shot Blocked by Dougie Hamilton.
15:17 of 2nd period - Icing by Eric Wellwood.
15:18 of 2nd period - Tyler Toffoli wins face-off versus Daultan Leveillé in Monarchs zone.
15:27 of 2nd period - Daultan Leveillé is hit by Eric Wellwood and loses puck.
15:47 of 2nd period - Icing by Mikko Vainonen.
15:48 of 2nd period - Tom Pyatt wins face-off versus Daultan Leveillé in Thunder zone.
16:20 of 2nd period - Slapshot by Roman Josi.
16:20 of 2nd period - Shot Blocked by Dougie Hamilton.
16:22 of 2nd period - Slapshot by Roman Josi.
16:22 of 2nd period - Shot Blocked by David Fischer.
16:38 of 2nd period - Morgan Rielly is hit by Philip Varone and loses puck.
16:58 of 2nd period - Tyler McNeely is hit by Brett Festerling and loses puck.
17:11 of 2nd period - Icing by David Wolf.
17:12 of 2nd period - Teuvo Teravainen wins face-off versus Ryan Nugent-Hopkins in Thunder zone.
17:27 of 2nd period - Thomas Spelling is hit by Morgan Rielly and loses puck.
18:03 of 2nd period - Snap shot by Tobias Rieder.
18:03 of 2nd period - Stopped by Niklas Treutle with a rebound.
18:11 of 2nd period - Slapshot by Riley Cote.
18:11 of 2nd period - Shot Misses the Net.
18:19 of 2nd period - Minor Penalty to Dougie Hamilton for Hooking.
18:20 of 2nd period - Tyler Toffoli wins face-off versus Dany Roussin in Thunder zone.
18:21 of 2nd period - Slapshot by Teuvo Teravainen.
18:21 of 2nd period - Shot Misses the Net.
18:27 of 2nd period - Snap shot by Connor Brown.
18:27 of 2nd period - Stopped by Niklas Treutle without a rebound.
18:28 of 2nd period - Tyler Toffoli wins face-off versus Dany Roussin in Thunder zone.
18:53 of 2nd period - Slapshot by Eric Wellwood.
18:53 of 2nd period - Stopped by Niklas Treutle with a rebound.
18:55 of 2nd period - Backhand shot by Morgan Rielly.
18:55 of 2nd period - Shot Blocked by Pierre-Alexandre Parenteau.
18:57 of 2nd period - Slapshot by Matt Tennyson.
18:57 of 2nd period - Deflect By Dany Roussin.
18:57 of 2nd period - Stopped by Niklas Treutle with a rebound.
Goals for this period are 0 for Thunder vs 3 for Monarchs .
Shots for this period are 6 for Thunder vs 13 for Monarchs .
3rd period
0:01 of 3rd period - Tyler Toffoli wins face-off versus Dany Roussin in neutral zone.
0:10 of 3rd period - Tyler Toffoli is hit by Mikko Vainonen.
0:19 of 3rd period - Penalty to Dougie Hamilton is over, Dougie Hamilton is back on ice.
0:37 of 3rd period - Snap shot by Connor Brown.
0:37 of 3rd period - Stopped by Niklas Treutle with a rebound.
0:39 of 3rd period - Backhand shot by Jordie Benn.
0:39 of 3rd period - Stopped by Niklas Treutle with a rebound.
0:41 of 3rd period - Slapshot by Jordie Benn.
0:41 of 3rd period - Stopped by Niklas Treutle with a rebound.
1:06 of 3rd period - Wrist shot by Connor Brown.
1:06 of 3rd period - Stopped by Niklas Treutle with a rebound.
1:27 of 3rd period - Off-side.
1:28 of 3rd period - Daultan Leveillé wins face-off versus Chris Tierney in neutral zone.
1:58 of 3rd period - Snap shot by Thomas Spelling.
1:58 of 3rd period - Shot Misses the Net.
2:08 of 3rd period - Minor Penalty to Thomas Spelling for Holding.
2:09 of 3rd period - Dany Roussin wins face-off versus Chris Tierney in Thunder zone.
3:14 of 3rd period - Daultan Leveillé is hit by Morgan Rielly and loses puck.
3:59 of 3rd period - Mike Hoffman is hit by Riley Cote and loses puck.
4:08 of 3rd period - Penalty to Thomas Spelling is over, Thomas Spelling is back on ice.
4:10 of 3rd period - Jordie Benn is hit by Thomas Spelling and loses puck.
5:58 of 3rd period - Tom Pyatt is hit by Daultan Leveillé and loses puck.
6:12 of 3rd period - Minor Penalty to Austin Wuthrich for Holding.
6:13 of 3rd period - Tyler Toffoli wins face-off versus Dany Roussin in Thunder zone.
7:17 of 3rd period - Mikko Vainonen is hit by Tyler Toffoli and loses puck.
8:12 of 3rd period - Penalty to Austin Wuthrich is over, Austin Wuthrich is back on ice.
8:16 of 3rd period - Slapshot by Dany Roussin.
8:16 of 3rd period - Stopped by Malcolm Subban with a rebound.
8:22 of 3rd period - Pierre-Alexandre Parenteau is hit by Jordie Benn and loses puck.
8:33 of 3rd period - Dany Roussin is hit by Morgan Rielly and loses puck.
9:46 of 3rd period - Jared Staal is hit by Matt Tennyson and loses puck.
10:01 of 3rd period - Ryan Nugent-Hopkins is hit by Connor Brown and loses puck.
10:34 of 3rd period - Joe Labate is hit by Chris Tierney and loses puck.
11:05 of 3rd period - Eric Wellwood is hit by Daultan Leveillé and loses puck.
11:24 of 3rd period - Tyler McNeely is hit by Jared Staal and loses puck.
12:45 of 3rd period - Icing by David Fischer.
12:46 of 3rd period - Connor Brown wins face-off versus Philip Varone in Thunder zone.
12:49 of 3rd period - Snap shot by Riley Cote.
12:49 of 3rd period - Stopped by Niklas Treutle without a rebound.
12:50 of 3rd period - Daultan Leveillé wins face-off versus Teuvo Teravainen in Thunder zone.
13:03 of 3rd period - Wrist shot by Daultan Leveillé.
13:03 of 3rd period - Stopped by Malcolm Subban with a rebound.
13:42 of 3rd period - Snap shot by Philip Varone.
13:42 of 3rd period - Deflect By Jared Staal.
13:42 of 3rd period - Stopped by Malcolm Subban without a rebound.
13:43 of 3rd period - Tom Pyatt wins face-off versus Daultan Leveillé in Monarchs zone.
14:05 of 3rd period - Icing by Jordie Benn.
14:06 of 3rd period - Ryan Nugent-Hopkins wins face-off versus Tom Pyatt in Monarchs zone.
14:15 of 3rd period - Snap shot by Ryan Nugent-Hopkins.
14:15 of 3rd period - Shot Blocked by Roman Josi.
14:23 of 3rd period - Mike Hoffman is hit by Tom Pyatt and loses puck.
14:50 of 3rd period - Snap shot by Tom Pyatt.
14:50 of 3rd period - Deflect By Teuvo Teravainen.
14:50 of 3rd period - Goal by Teuvo Teravainen - Thunder : 2 - Monarchs : 6.
14:51 of 3rd period - Daultan Leveillé wins face-off versus Tyler Toffoli in neutral zone.
14:58 of 3rd period - Snap shot by Pierre-Alexandre Parenteau.
14:58 of 3rd period - Stopped by Malcolm Subban with a rebound.
15:00 of 3rd period - Slapshot by Dany Roussin.
15:00 of 3rd period - Stopped by Malcolm Subban with a rebound.
15:02 of 3rd period - Backhand shot by Mikko Vainonen.
15:02 of 3rd period - Shot Hit the Post.
15:04 of 3rd period - Snap shot by Pierre-Alexandre Parenteau.
15:04 of 3rd period - Shot Misses the Net.
15:06 of 3rd period - Snap shot by Pierre-Alexandre Parenteau.
15:06 of 3rd period - Deflect By Daultan Leveillé.
15:06 of 3rd period - Shot Misses the Net.
15:06 of 3rd period - Puck is out of play.
15:07 of 3rd period - Ryan Nugent-Hopkins wins face-off versus Chris Tierney in Monarchs zone.
15:37 of 3rd period - Off-side.
15:38 of 3rd period - Daultan Leveillé wins face-off versus Teuvo Teravainen in neutral zone.
15:45 of 3rd period - Backhand shot by Pierre-Alexandre Parenteau.
15:45 of 3rd period - Deflect By Dany Roussin.
15:45 of 3rd period - Goal by Dany Roussin - Thunder : 3 - Monarchs : 6.
15:46 of 3rd period - Daultan Leveillé wins face-off versus Tyler Toffoli in neutral zone.
15:57 of 3rd period - Wrist shot by Daultan Leveillé.
15:57 of 3rd period - Shot Blocked by Morgan Rielly.
15:59 of 3rd period - Snap shot by Dougie Hamilton.
15:59 of 3rd period - Stopped by Malcolm Subban without a rebound.
16:00 of 3rd period - Daultan Leveillé wins face-off versus Tom Pyatt in Monarchs zone.
16:01 of 3rd period - Snap shot by Pierre-Alexandre Parenteau.
16:01 of 3rd period - Goal by Pierre-Alexandre Parenteau - Thunder : 4 - Monarchs : 6.
16:02 of 3rd period - Chris Tierney wins face-off versus Daultan Leveillé in neutral zone.
16:06 of 3rd period - Minor Penalty to Dougie Hamilton for Charging.
16:07 of 3rd period - Dany Roussin wins face-off versus Tyler Toffoli in Thunder zone.
16:15 of 3rd period - Slapshot by Matt Tennyson.
16:15 of 3rd period - Shot Blocked by Dany Roussin.
16:17 of 3rd period - Snap shot by Teuvo Teravainen.
16:17 of 3rd period - Stopped by Niklas Treutle with a rebound.
16:19 of 3rd period - Snap shot by Tyler Toffoli.
16:19 of 3rd period - Shot Blocked by Mikko Vainonen.
17:07 of 3rd period - Brett Festerling is hit by Eric Wellwood and loses puck.
17:31 of 3rd period - Icing by Chris Tierney.
17:32 of 3rd period - Chris Tierney wins face-off versus Zach Stepan in Monarchs zone.
18:06 of 3rd period - Penalty to Dougie Hamilton is over, Dougie Hamilton is back on ice.
18:14 of 3rd period - Mike Hoffman is hit by Matt Tennyson and loses puck.
18:46 of 3rd period - Tomas Kubalik is hit by Mike Hoffman and loses puck.
19:19 of 3rd period - Brett Festerling is hit by Matt Tennyson and loses puck.
19:58 of 3rd period - Minor Penalty to Thomas Spelling for Hooking.
19:59 of 3rd period - Eric Wellwood wins face-off versus Dany Roussin in Thunder zone.
Goals for this period are 2 for Thunder vs 1 for Monarchs .
Shots for this period are 8 for Thunder vs 7 for Monarchs .
Back to the Top